 Dungeon Crawl Stone Soup version 0.20.1-1-g8b1a95d (webtiles) character file.

716 WiZmei the Cudgeler (level 7, 0/44 HPs)
             Began as a Gargoyle Fighter on Nov 30, 2017.
             Slain by a slime creature (14 damage)
             ... on level 5 of the Dungeon.
             The game lasted 00:11:31 (4190 turns).

WiZmei the Cudgeler (Gargoyle Fighter)              Turns: 4190, Time: 00:11:31

Health: 0/44       AC: 12    Str: 21    XL:     7   Next: 69%
Magic:  7/7        EV:  8    Int:  9    God:
Gold:   281        SH:  9    Dex:  9    Spells: 6/6 levels left

rFire    . . .     SeeInvis .   a - +0 flail
rCold    . . .     Gourm    .   c - +0 shield
rNeg     + . .     Faith    .   b - +0 scale mail
rPois    ∞         Spirit   .   (no helmet)
rElec    +         Reflect  .   (no cloak)
rCorr    .         Harm     .   (no gloves)
MR       +....                  (no boots)
Stlth    ..........             (no amulet)
Regen    0.2/turn               l - ring of protection from magic
MPRegen  0.1/turn               (no ring)

@: no status effects
A: negative energy resistance 1, electricity resistance, unbreathing,
petrification resistance, rot immunity, AC +4
a: no special abilities


You were on level 5 of the Dungeon.
You were not hungry.

You visited 1 branch of the dungeon, and saw 5 of its levels.

You collected 281 gold pieces.

Inventory:

Hand Weapons
 a - a +0 flail (weapon)
 x - a +1 hand crossbow of velocity
Missiles
 g - 7 poisoned javelins (quivered)
 y - 26 bolts
Armour
 b - a +0 scale mail (worn)
 c - a +0 shield (worn)
 o - the +3 robe "Tauv" {*Drain rCorr Int+4 Stlth+}
   (You found it on level 4 of the Dungeon)

   It affects your intelligence (+4).
   It protects you from acid and corrosion.
   It causes draining when unequipped.
   It makes you more stealthy.
Jewellery
 l - a ring of protection from magic (left hand)
Scrolls
 e - 4 scrolls of remove curse {unknown}
 h - 2 scrolls of teleportation {unknown}
 j - a scroll of recharging {unknown}
 m - a scroll of enchant weapon {unknown}
 s - 4 scrolls of magic mapping
 u - a scroll of fear {unknown}
 v - a scroll of identify
Potions
 d - 2 potions of might
 i - 4 potions of curing
 k - 2 potions of flight {unknown}
 p - a potion of mutation {unknown}
 q - 2 potions of heal wounds {unknown}
Comestibles
 f - a bread ration
 n - a meat ration
 r - 3 royal jellies
 t - 4 fruits


   Skills:
 + Level 5.0 Fighting
 + Level 5.5 Maces & Flails
 + Level 4.4 Armour
 + Level 1.8 Dodging
 + Level 0.2 Stealth
 + Level 5.1 Shields


You had 6 spell levels left.
You didn't know any spells.

Dungeon Overview and Level Annotations

Branches:
Dungeon (5/15)
 Temple: D:4-7

Altars:
Uskayaw
Vehumet


Innate Abilities, Weirdness & Mutations

You are resistant to torment.
Your stone body is resilient. (AC +4)
You are immune to poison.
You resist negative energy. (rN+)
You are resistant to electric shocks. (rElec)
You can survive without breathing.
You are immune to petrification.
You are immune to rotting.


Message History

You hit the slime creature.
The slime creature is lightly wounded.
The slime creature hits you but does no damage.
You hit the slime creature but do no damage.
The slime creature is lightly wounded.
The slime creature hits you but does no damage.
You sock the slime creature!
The slime creature is lightly wounded.
The slime creature hits you.
You sock the slime creature!
The slime creature is moderately wounded.
The slime creature hits you! The slime creature hits you.
You sock the slime creature!
The slime creature is heavily wounded.
The slime creature hits you!
* * * LOW HITPOINT WARNING * * *
You hit the slime creature.
The slime creature is heavily wounded.
The slime creature hits you!
You die...

.. #........... .#
#............ ###
######.......
#(.÷...##.#########......
#.P.PPJ#(#.#....###......
#......#.#.#.....##.....#
#.JPJPP#.#'#.....†'....##
#÷..J..#)#.......)%...##
#.P.PJP#@#........'.#.#
#...÷..#J#.......##.#.#
#..P.PP'##......#####.#
#......########## .#
####### .. #>


You could see a slime creature.

Vanquished Creatures
  Sigmund (D:2)
  An ice beast (D:5)
  A phantom (D:5)
  A big kobold (D:5)
  A scorpion (D:4)
  A centaur zombie (D:4)
  2 jellies (D:5)
  2 worker ants (D:4)
  4 adders
  3 oozes (D:5)
  A worm (D:4)
  2 dart slugs
  5 leopard geckos
  An orc (D:5)
  3 giant cockroaches
  6 goblins
  8 hobgoblins
  3 jackals (D:3)
  2 quokkas
  A ball python (D:3)
  6 bats
  3 frilled lizards
  A jackal zombie (D:3)
  11 kobolds
  4 rats
74 creatures vanquished.

Vanquished Creatures (others)
  A fungus (D:5)
  4 toadstools (D:5)
5 creatures vanquished.

Grand Total: 79 creatures vanquished

Notes
Turn   | Place    | Note
-------+----------+-------------------------------------------
     0 | D:1      | WiZmei the Gargoyle Fighter began the quest for the Orb.
     0 | D:1      | Reached XP level 1. HP: 14/14 MP: 1/1
   260 | D:1      | Reached XP level 2. HP: 19/19 MP: 2/2
   589 | D:2      | Found a radiant altar of Vehumet.
   660 | D:2      | Reached XP level 3. HP: 12/23 MP: 3/3
   909 | D:2      | Noticed Sigmund
  1001 | D:3      | Found a hide-covered altar of Uskayaw.
  1309 | D:2      | Reached XP level 4. HP: 23/29 MP: 4/4
  1839 | D:2      | Killed Sigmund
  1839 | D:2      | Reached XP level 5. HP: 27/33 MP: 5/5
  1839 | D:2      | Reached XP level 6. HP: 31/38 MP: 6/6
  2594 | D:4      | Reached skill level 1 in Dodging
  2781 | D:4      | Got a tattered robe
  2795 | D:4      | Identified the +3 robe "Tauv" {*Drain rCorr Int+4 Stlth+} (You found it on level 4 of the Dungeon)
  3593 | D:5      | Entered Level 5 of the Dungeon
  3632 | D:5      | Noticed a phantom
  3710 | D:5      | Killed a phantom
  3710 | D:5      | Reached skill level 5 in Maces & Flails
  3710 | D:5      | Reached XP level 7. HP: 20/44 MP: 7/7
  4005 | D:5      | Reached skill level 5 in Fighting
  4005 | D:5      | Reached skill level 5 in Shields
  4178 | D:5      | Noticed a slime creature
  4178 | D:5      | Noticed a slime creature
  4178 | D:5      | Noticed a slime creature
  4190 | D:5      | Slain by a slime creature

Skill      XL: |  1  2  3  4  5  6  7 |
---------------+----------------------+-----
Armour         | 4 |  4.4
Maces & Flails | 4 5 |  5.5
Fighting       | 4 5 |  5.0
Shields        | 4 5 |  5.1
Dodging        | 1 |  1.8
Stealth        | |  0.2

Action                   |  1- 3 |  4- 6 |  7- 9 || total
-------------------------+-------+-------+-------++-------
Melee: Flail             |   175 |   196 |    73 ||   444
  Use: Scroll            |       |     4 |       ||     4
  Eat: Chunk             |     2 |     4 |     1 ||     7
       Bread ration      |       |     1 |       ||     1
Armor: Scale mail        |   131 |   102 |    56 ||   289
Dodge: Dodged            |    73 |    57 |    21 ||   151
Block: Shield            |   110 |   123 |    51 ||   284
